cohdb
Replays
Latest Replays
All Replays
Popular Replays
Top Player Replays
Match Explorer
How It Works
Community
CoH3 Stats
Reddit
Sign in to upload your games and track your stats! →
Sign in with Steam
Match 45928244
Unlisted
Match 45928244
Overview
Messages
Build Orders
End
Engineer Squad
Construct Weapon Support Center
Sniper
Bazooka Squad
Construct Medical Station
Infantry Support Center
M1919 Machine Gun Team
Bazooka Squad
Selects Advanced Infantry Battlegroup
Selects Ammunition Storage
Improved M9 Bazooka Rockets
.30 cal Machine Gun
M1919 Machine Gun Team
Selects M2A1 105mm Howitzer Emplacement
Engineer Squad
Selects Free Fire Drills
Advanced Logistics
Brick_man
Papa Smurf
No.69
yarang
Goliath
FLOKL
0
0
Comments
sign in to comment!
No comments posted yet!